 Dungeon Crawl Stone Soup version 0.21-a0-450-gd87a9b2 (webtiles) character file.

751 slep the Slasher (level 7, -5/55 HPs)
             Began as a Demonspawn Monk on Nov 19, 2017.
             Slain by an orc warrior
             ... wielding a +0 dire flail
              (18 damage)
             ... on level 4 of the Dungeon.
             The game lasted 00:23:30 (4325 turns).

slep the Slasher (Demonspawn Monk)                  Turns: 4325, Time: 00:23:31

Health: -5/55      AC: 10    Str: 11    XL:     7   Next: 49%
Magic:  0/7        EV: 12    Int: 11    God:
Gold:   193        SH:  0    Dex: 18    Spells: 6/6 levels left

rFire    + . .     SeeInvis .   b - +0 falchion
rCold    . . .     Gourm    .   (no shield)
rNeg     . . .     Faith    .   m - +0 ring mail
rPois    .         Spirit   +   (no helmet)
rElec    .         Reflect  .   (no cloak)
rCorr    .         Harm     .   v - +0 pair of gloves
MR       .....                  (no boots)
Stlth    ++........             (no amulet)
HPRegen  0.18/turn              (no ring)
MPRegen  0.10/turn              (no ring)

@: no status effects
A: iridescent scales 2, fire resistance 1, magic shield
a: no special abilities


You were on level 4 of the Dungeon.
You were not hungry.

You visited 1 branch of the dungeon, and saw 5 of its levels.

You collected 193 gold pieces.

Inventory:

Hand Weapons
 a - a +3 blowgun
 b - a +0 falchion (weapon)
 d - a +1 short sword of venom
 k - a +2 dagger of venom
Missiles
 u - 4 tomahawks (quivered)
 F - 20 poisoned needles
Armour
 m - a +0 ring mail (worn)
 t - a +0 robe
 v - a +0 pair of gloves (worn)
Magical Staves
 o - an uncursed staff of air
Wands
 x - a wand of flame (28/48)
 B - a wand of polymorph (12/24)
Scrolls
 e - a scroll of fog {unknown}
 f - 2 scrolls of amnesia {unknown}
 i - a scroll of immolation {unknown}
 j - 5 scrolls of teleportation {unknown}
 n - a scroll of enchant weapon {unknown}
 r - a scroll of fear {unknown}
 y - a scroll of magic mapping {unknown}
 z - a scroll of blinking {unknown}
 C - a scroll of identify {unknown}
Potions
 h - 2 potions of flight
 l - 3 potions of lignification {unknown}
 p - a potion of resistance {unknown}
 q - 2 potions of brilliance {unknown}
 s - 2 potions of agility {unknown}
 D - a potion of curing
 E - a potion of berserk rage {unknown}
 G - a potion of might
Comestibles
 c - 3 bread rations
 g - a meat ration
 w - a royal jelly
 A - a chunk of flesh


   Skills:
 + Level 4.4 Fighting
 + Level 1.1(3.5) Short Blades
 + Level 5.3(5.4) Long Blades
 + Level 1.6 Throwing
 + Level 3.0 Armour
 + Level 3.7 Dodging
 + Level 2.5 Stealth
 + Level 0.1 Evocations


You had 6 spell levels left.
You didn't know any spells.

Dungeon Overview and Level Annotations

Branches:
Dungeon (5/15)
 Temple: D:4-7

Altars:

Annotations:
D:3 slep's ghost, amateur DsMo


Innate Abilities, Weirdness & Mutations

You are mostly covered in iridescent scales. (AC +4)
Your flesh is heat resistant. (rF+)
When hurt, damage is shared between your health and your magic reserves.


Message History

The orc warrior is moderately wounded.
The orc warrior hits you but does no damage.
You barely miss the orc warrior.
The orc warrior is moderately wounded.
The orc warrior hits you with a dire flail!!
* * * LOW HITPOINT WARNING * * *
Unknown command.
You hit the orc warrior.
The orc warrior is moderately wounded.
The orc warrior hits you but does no damage.
You barely miss the orc warrior.
The orc warrior is moderately wounded.
You closely miss the orc warrior.
The orc warrior is moderately wounded.
The orc warrior barely misses you.
You riposte.
You hit the orc warrior.
The orc warrior is heavily wounded.
You closely miss the orc warrior.
The orc warrior is heavily wounded.
The orc warrior hits you with a dire flail!!
You die...

##)##.(...............##.#
..>...................##.#
#..####.####..........##.#
.[####..####..........##.#
......................##.#
.....................###.#
..........##..........##.#
.........###..........##.#
.........#.....o@.....##.#
.........#.#..........##.#
...........#..........##.#
.........####........###.#
.........# ##.......# #.#
.........# #######.###.#
###..##### ##...#.#######
.....#######
##......#.....##
####.......##
##..............#


You could see an orc warrior.

Vanquished Creatures
  A phantom (D:5)
  An ogre (D:5)
  A centaur (D:5)
  A gnoll sergeant (D:5)
  5 orc wizards
  3 worker ants
  3 gnolls (D:5)
  7 adders
  A shadow imp (D:5)
  An ooze (D:1)
  An adder skeleton (D:4)
  2 worms (D:2)
  2 dart slugs
  3 leopard geckos
  16 orcs
  8 bats
  7 giant cockroaches
  5 hobgoblins
  14 jackals
  13 kobolds
  3 frilled lizards
  7 goblins
  5 rats
110 creatures vanquished.

Notes
Turn   | Place    | Note
-------+----------+-------------------------------------------
     0 | D:1      | slep the Demonspawn Monk began the quest for the Orb.
     0 | D:1      | Reached XP level 1. HP: 18/18 MP: 1/1
   126 | D:1      | Gained mutation: When hurt, damage is shared between your health and your magic reserves. [demonic ancestry]
   126 | D:1      | Reached XP level 2. HP: 20/24 MP: 2/2
   239 | D:1      | Reached skill level 3 in Long Blades
  1114 | D:2      | Reached XP level 3. HP: 27/29 MP: 3/3
  1474 | D:2      | Gained mutation: You are partially covered in iridescent scales. (AC +2) [demonic ancestry]
  1474 | D:2      | Reached XP level 4. HP: 20/36 MP: 4/4
  2039 | D:3      | Noticed slep's ghost (amateur DsMo)
  2100 | D:4      | Reached skill level 4 in Long Blades
  2100 | D:4      | Reached skill level 1 in Armour
  2100 | D:4      | Gained mutation: You are mostly covered in iridescent scales. (AC +4) [demonic ancestry]
  2100 | D:4      | Reached XP level 5. HP: 13/42 MP: 5/5
  2299 | D:3      | Reached skill level 1 in Short Blades
  2299 | D:3      | Gained mutation: Your flesh is heat resistant. (rF+) [demonic ancestry]
  2299 | D:3      | Reached XP level 6. HP: 10/48 MP: 3/6
  3428 | D:5      | Entered Level 5 of the Dungeon
  3428 | D:5      | Noticed an orc warrior
  3515 | D:5      | Reached skill level 1 in Throwing
  3541 | D:5      | Reached skill level 5 in Long Blades
  3877 | D:5      | HP: 2/48 [phantom (3)]
  3879 | D:5      | Reached XP level 7. HP: 2/54 MP: 0/7
  4325 | D:4      | Slain by an orc warrior

Vault maps used:
D:1:      shiori_angband_town, minmay_heptomino_o4
D:5:      first_bread, palyth_stone_intersect

Skill      XL: |  1  2  3  4  5  6  7 |
---------------+----------------------+-----
Long Blades    | 3 4 5 |  5.3
Dodging        | 3 |  3.7
Stealth        | 2 |  2.5
Armour         | 1 2 3 |  3.0
Short Blades   | 1 |  1.1
Fighting       | 4 |  4.4
Throwing       | 1 |  1.6
Evocations     | |  0.1

Action                   |  1- 3 |  4- 6 |  7- 9 || total
-------------------------+-------+-------+-------++-------
Melee: Falchion          |   133 |   188 |    42 ||   363
       Dagger            |       |   104 |       ||   104
 Fire: Blowgun           |       |    15 |    23 ||    38
Throw: Tomahawk          |       |     2 |     5 ||     7
Evoke: Wand              |       |     2 |     1 ||     3
  Use: Potion            |     2 |       |       ||     2
 Stab: Sleeping          |     2 |     4 |       ||     6
  Eat: Chunk             |     2 |     8 |     2 ||    12
Armor: Robe              |    13 |       |       ||    13
       Ring mail         |    19 |   107 |    36 ||   162
Dodge: Dodged            |   115 |   179 |    49 ||   343
       Rpst.: Falchion   |    40 |    38 |     9 ||    87

Table legend:
 A = Spawn XP
 B = Non-spawn XP
 C = Spawn XP percentage of total XP
 D = Spawn monster count
 E = Non-spawn monster count
 F = Spawn count percentage of total count
 G = Total turns spent on level
                    A         B        C        D         E        F      G
               +---------+---------+-------+---------+---------+-------+---------
         Total |       0 |    1073 |   0.0 |       0 |     110 |   0.0 |  4325
               +---------+---------+-------+---------+---------+-------+---------
           D:1 |       0 |      40 |   0.0 |       0 |      18 |   0.0 |  1084
           D:2 |       0 |     114 |   0.0 |       0 |      25 |   0.0 |   711
           D:3 |       0 |     134 |   0.0 |       0 |      32 |   0.0 |  1096
           D:4 |       0 |     223 |   0.0 |       0 |      17 |   0.0 |   850
           D:5 |       0 |     562 |   0.0 |       0 |      18 |   0.0 |   584
               +---------+---------+-------+---------+---------+-------+---------
